 Dungeon Crawl Stone Soup version 0.30.0-30-g96aa6591b8 (webtiles) character file.

Game seed: 581211139885357364

93 croobank the Caller (level 4, -2/27 HPs)
             Began as an Octopode Summoner on June 28, 2023.
             Slain by an ogre
             ... wielding a +0 giant club
              (29 damage)
             ... on level 2 of the Dungeon.
             The game lasted 00:08:51 (1573 turns).

croobank the Caller (Octopode Summoner)             Turns: 1573, Time: 00:08:51

Health: -2/27      AC:  1    Str:  7    XL:     4   Next: 62%
Magic:  8/8        EV: 13    Int: 19    God:
Gold:   22         SH:  0    Dex: 12    Spells: 2/8 levels left

rFire   . . .        g - +0 dagger
rCold   . . .        (no shield)
rNeg    . . .        (helmet restricted)
rPois   .            (no amulet)
rElec   .            (no ring)
rCorr   .            (no ring)
SInv    .            (no ring)
Will    .....        (no ring)
Stlth   +++          (no ring)
HPRegen 0.24/turn    (no ring)
MPRegen 0.11/turn    (no ring)
                     (no ring)

%: no passive effects
@: no status effects
A: almost no armour, amphibious, 8 rings, camouflage 1, gelatinous body 1,
(nimble swimmer 1), tentacles
a: no special abilities


You were on level 2 of the Dungeon.
You visited 1 branch of the dungeon, and saw 2 of its levels.

You collected 62 gold pieces.
You spent 40 gold pieces at shops.

Inventory:

Hand Weapons
 g - a +0 dagger (weapon)
 i - a +0 rapier
 k - a +0 mace
Missiles
 c - 2 poisoned darts
Scrolls
 f - a scroll of amnesia
Potions
 a - a potion of curing {unknown}
 h - a potion of flight {unknown}
 j - a potion of heal wounds {unknown}


   Skills:
 + Level 2.8 Dodging
 + Level 4.0 Stealth
 + Level 2.7 Spellcasting
 + Level 4.5 Summonings


You had 2 spell levels left.
You knew the following spells:

 Your Spells              Type           Power      Damage    Failure   Level
a - Summon Small Mammal   Summ           76%        N/A       2%          1
b - Call Imp              Summ           38%        N/A       3%          2
c - Call Canine Familiar  Summ           19%        N/A       8%          3

Your spell library contained the following spells:

 Spells                   Type           Power      Damage    Failure   Level
 Summon Guardian Golem    Hex/Summ       11%        N/A       19%         3
 Summon Lightning Spire   Summ/Air       11%        N/A       52%         4


Dungeon Overview and Level Annotations

Branches:
Dungeon (2/15)

Altars:

Shops:
D:1 (?:?:


Innate Abilities, Weirdness & Mutations

You cannot wear most types of armour.
You are amphibious.
You can wear up to eight rings at the same time.
Your skin changes colour to match your surroundings (Stealth+).
Your rubbery body absorbs attacks. (AC +1, EV +1)
((You are camouflaged when in or above water. (Stealth+)))
You have tentacles for arms and can constrict up to eight enemies at once.


Message History

As you read the scroll labelled JILAGA OMOURR, it crumbles to dust.
You feel aware of your surroundings.
You sensed 1 altar.
It was a scroll of magic mapping.
As you read the scroll labelled AGITOIP NOEG, it crumbles to dust.
It is a scroll of amnesia.
Really abort (and waste the scroll)?
Okay, then.
Magic restored.
Your cerulean imp disappears in a puff of smoke!
You swap places.
A kobold comes into view. It is wielding a +0 club.
Your hound bites the kobold.
The kobold dies!
No target in view!
A kobold comes into view. It is wielding a +0 dagger.
The kobold shouts!
You hit the kobold. Your grab misses the kobold.
Your squeeze misses the kobold.
The kobold is moderately wounded.
The kobold hits you with a +0 dagger.
Your hound closely misses the kobold.
You hit the kobold.
You kill the kobold!
No target in view!
You swap places.
You swap places.
A kobold comes into view. It is wielding a +0 dagger.
Okay, then.
A kobold is nearby!
The kobold shouts!
You hit the kobold. Your grab misses the kobold.
Your squeeze misses the kobold.
The kobold is moderately wounded.
An ogre comes into view. It is wielding a +0 giant club.
The kobold barely misses you.
Your hound bites the kobold.
The kobold dies!
The ogre shouts!
The ogre attacks as you move away!
The ogre hits you with a +0 giant club!!
Ouch! That really hurt!
You die...

***###**#########
*,,,...*#.......#
*,***#.##.#####.#
*,*##.#.#.#####.#
*,*#.###.....##.###
#,*#..#.#.##...)..####
#.##)#.##.####..@....#
#......##......h#O##.#
####.#########.##...,*
#......# #.#*##..#
#.##.#.#######.#***..#
#.##.#......##..,,,,.#
#.##.#......####***,*#
#.##.#....).# *,*
............# *,*


You could see an ogre (ally target) and a friendly hound (summoned).

Vanquished Creatures
  3 adders (D:2)
  A ball python (D:1)
  3 bats (D:1)
  An endoplasm (D:1)
  3 goblins
  2 jackals (D:1)
  A frilled lizard (D:2)
  2 kobolds
  3 rats (D:1)
19 creatures vanquished.

Vanquished Creatures (collateral kills)
  Terence (D:2)
  3 orcs (D:2)
  3 endoplasms (D:1)
  3 hobgoblins
  2 jackals (D:1)
  A ball python (D:1)
  2 bats
  4 kobolds
19 creatures vanquished.

Grand Total: 38 creatures vanquished

Notes
Turn   | Place    | Note
-------+----------+-------------------------------------------
     0 | D:1      | croobank the Octopode Summoner began the quest for the Orb.
     0 | D:1      | Reached XP level 1. HP: 11/11 MP: 3/3
    56 | D:1      | Found Touq's Magic Scroll Boutique.
    62 | D:1      | Bought a scroll of identify for 20 gold pieces
    93 | D:1      | Found Xaampy's Weapon Shop.
   353 | D:1      | Reached XP level 2. HP: 14/17 MP: 3/5
   356 | D:1      | Learned a level 2 spell: Call Imp
   483 | D:1      | Found Ihyur's Magic Scroll Emporium.
   539 | D:1      | Found Huitoapp's Book Emporium.
   771 | D:1      | Found Poatydu's Book Shoppe.
   877 | D:1      | Reached XP level 3. HP: 21/21 MP: 6/6
   881 | D:1      | Learned a level 3 spell: Call Canine Familiar
  1207 | D:1      | Bought a scroll of identify for 20 gold pieces
  1216 | D:2      | Noticed Terence
  1339 | D:2      | Reached XP level 4. HP: 16/27 MP: 3/7
  1364 | D:2      | Killed Terence
  1570 | D:2      | Noticed an ogre
  1573 | D:2      | Slain by an ogre

Illustrated notes

Levels and vault maps discovered:
D:1:      psy_arrival_fountain, layout_loops_corners, serial_shops, shop, shop,
          nicolae_shop_waterfront, shop, nicolae_square_shop
D:2:      layout_loops_cross, dreamdust_ecumenical_altar_statues, uniq_terence

Skill      XL: |  1  2  3  4 |
---------------+-------------+-----
Stealth        | 3 4 |  4.0
Dodging        | |  2.8
Spellcasting   | |  2.7
Summonings     | |  4.5

Action                     |  1- 3 |  4- 6 || total
---------------------------+-------+-------++-------
  Melee: Unarmed           |    17 |       ||    17
         Constrict         |    14 |       ||    14
         Tentacles         |    10 |       ||    10
         Dagger            |    33 |     3 ||    36
   Cast: Summon Small Mamm |    14 |     2 ||    16
         Call Imp          |     6 |     2 ||     8
         Call Canine Famil |     2 |     3 ||     5
    Use: Scroll            |     2 |     2 ||     4
         Potion            |     1 |     2 ||     3
   Stab: Sleeping          |     6 |       ||     6
 Armour: Skin              |     6 |       ||     6
  Dodge: Dodged            |    42 |     1 ||    43
